 Dungeon Crawl Stone Soup version 0.24.1-5-g77f818bfca (webtiles) character file.

Game seed: 15155740673407698642, levelgen mode: deterministic

1572 gigarf the Cutter (level 8, -10/58 HPs)
             Began as a Vampire Gladiator on Apr 24, 2020.
             Was a Believer of Qazlal.
             Mangled by a wyvern (16 damage)
             ... on level 7 of the Dungeon.
             The game lasted 01:15:02 (5497 turns).

gigarf the Cutter (Vampire Gladiator)               Turns: 5497, Time: 01:15:03

Health: -10/58     AC:  8    Str: 13    XL:     8   Next: 59%
Magic:  8/8        EV: 15    Int: 10    God:    Qazlal [**....]
Gold:   426        SH:  7    Dex: 18    Spells: 7/7 levels left

rFire    . . .     SeeInvis +   k - +0 hand axe (vamp)
rCold    . . .     Gourm    .   l - +0 buckler
rNeg     . . .     Faith    .   b - +1 leather armour
rPois    .         Spirit   .   c - +1 helmet
rElec    .         Reflect  .   (no cloak)
rCorr    .         Harm     .   z - +0 pair of gloves
MR       .....                  j - +0 pair of boots
Stlth    +++.......             (no amulet)
HPRegen  0.39/turn              q - ring of see invisible
MPRegen  0.11/turn              S - ring of flight

@: regenerating quickly
A: no food, fangs 3, see invisible, unbreathing, no earth magic, no hexes magic,
no translocations magic
a: Exsanguinate, Upheaval, Renounce Religion, Evoke Flight


You were on level 7 of the Dungeon.
You worshipped Qazlal.
Qazlal was pleased with you.
You were alive.

You visited 1 branch of the dungeon, and saw 8 of its levels.

You collected 426 gold pieces.

Inventory:

Hand Weapons
 a - a +0 rapier
 f - a +3 dagger of electrocution
 g - a +3 hand axe
 k - a +0 vampiric hand axe (weapon)
 y - a +2 quarterstaff of chaos
 F - a +0 rapier
 H - a +0 dagger
 J - a +3 short sword
 Q - a +0 shortbow
 U - a +0 scimitar
Missiles
 d - 3 throwing nets
 e - 31 poisoned darts (quivered)
 R - 45 arrows
Armour
 b - a +1 leather armour (worn)
 c - a +1 helmet (worn)
 j - a +0 pair of boots (worn)
 l - a +0 buckler (worn)
 m - a cursed +0 centaur barding
 z - a +0 pair of gloves (worn)
 A - a +1 cloak
Jewellery
 q - a ring of see invisible (left hand)
 r - an uncursed ring of protection from fire
 D - an uncursed ring of ice
 S - a ring of flight (right hand)
Wands
 V - a wand of clouds (5)
Scrolls
 i - 2 scrolls of fear
 w - 2 scrolls of identify
 B - 4 scrolls of remove curse
 E - 4 scrolls of teleportation
 X - a scroll of noise
Potions
 h - 2 potions of curing {unknown}
 n - a potion of haste
 o - a potion of flight
 p - a potion of lignification {unknown}
 v - 3 potions of agility {unknown}
 x - a potion of experience {unknown}
 C - a potion of berserk rage {unknown}
 K - 2 potions of magic {unknown}
 O - 5 potions of heal wounds {unknown}
 T - a potion of mutation {unknown}
 W - a potion of degeneration {unknown}


   Skills:
 + Level 3.2 Fighting
 + Level 6.4 Short Blades
 + Level 0.3 Axes
 + Level 4.6 Throwing
 + Level 3.3 Armour
 + Level 5.4 Dodging
 + Level 5.5 Stealth
 + Level 1.7 Shields


You had 7 spell levels left.
You didn't know any spells.
Your spell library contained the following spells:

 Spells                   Type           Power        Failure   Level  Hunger
 Animate Skeleton         Necr           N/A          54%         1    N/A
 Magic Dart               Conj           #...         54%         1    N/A
 Pain                     Necr           #...         54%         1    N/A
 Searing Ray              Conj           #.....       67%         2    N/A
 Regeneration             Chrm/Necr      #.........   88%         3    N/A
 Vampiric Draining        Necr           #.........   88%         3    N/A
 Animate Dead             Necr           N/A          99%         4    N/A
 Iskenderun's Mystic Bla  Conj           #.......     99%         4    N/A
 Dazzling Spray           Conj/Hex       Unusable     N/A         3    N/A
 Force Lance              Conj/Tloc      Unusable     N/A         4    N/A
 Fulminant Prism          Conj/Hex       Unusable     N/A         4    N/A

Dungeon Overview and Level Annotations

Branches:
Dungeon (8/15)             Temple (0/1) D:5
   Lair: D:8-11

Altars:
Cheibriados
Gozag
Makhleb
Nemelex Xobeh
Okawaru
Qazlal
Ru
Trog
Vehumet

Shops:
D:4 %   D:6 !!}


Innate Abilities, Weirdness & Mutations

You do not eat.
Your natural rate of healing is unusually fast.
You have razor-sharp teeth.
You have supernaturally acute eyesight. (SInv)
You can survive without breathing.
You cannot study or cast Earth magic.
You cannot study or cast Hexes magic.
You cannot study or cast Translocations magic.


Message History

The wyvern barely misses you. x2
You hit the wyvern but do no damage. You bite the wyvern, but do no damage.
The wyvern is heavily wounded.
You block the wyvern's attack. The wyvern closely misses you.
You closely miss the wyvern.
The wyvern is heavily wounded.
The wyvern completely misses you. x2
You hit the wyvern.
You feel better.
You bite the wyvern, but do no damage.
The wyvern is heavily wounded.
You block the wyvern's attack. The wyvern misses you.
You hit the wyvern but do no damage.
The wyvern is heavily wounded.
The wyvern bites you. The wyvern closely misses you.
You barely miss the wyvern. You bite the wyvern.
The wyvern is heavily wounded.
The wyvern closely misses you. The wyvern bites you!
* * * LOW HITPOINT WARNING * * *
The wyvern hisses menacingly.
The wyvern bites you!
You die...

#.# #........# ##'##.(.###
###.#####........######......)...
#.......'.......[)....'..........
#########.......[######..........
#........# ####..........
#........# #.......####..
#........# #.......# ##.
#####....# #.......###### #..l@#
#.......'..... #...>#
#.......###### ######
#.......'..... #.......######
#...##### #... #... ####


You could see a wyvern.

Vanquished Creatures
  A hippogriff (D:4)
  Duvessa (D:4)
  A water moccasin (D:6)
  A sky beast (D:7)
  3 ogres
  A centaur (D:5)
  A big kobold (D:7)
  Dowan (D:4)
  2 scorpions
  2 howler monkeys
  A crimson imp (D:5)
  2 orc priests (D:4)
  Crazy Yiuf (D:3)
  A jelly (D:6)
  An iguana (D:4)
  An orc wizard (D:7)
  3 worker ants
  6 adders
  2 shadow imps
  2 worms
  4 dart slugs
  2 leopard geckos
  8 orcs
  6 bats
  3 giant cockroaches
  5 goblins
  8 hobgoblins
  9 jackals
  4 quokkas
  25 kobolds
  2 leopard gecko skeletons
  3 rats
  A fungus (D:3)
114 creatures vanquished.

Notes
Turn   | Place    | Note
-------+----------+-------------------------------------------
     0 | D:1      | gigarf the Vampire Gladiator began the quest for the Orb.
     0 | D:1      | Reached XP level 1. HP: 16/16 MP: 1/1
   195 | D:1      | Reached XP level 2. HP: 22/22 MP: 2/2
   361 | D:1      | You fall into a shaft and drop 1 floor!
   401 | D:2      | Found a faded altar of an unknown god.
   406 | D:2      | Became a worshipper of Ru the Awakened
   437 | D:2      | Reached XP level 3. HP: 25/27 MP: 3/3
   466 | D:2      | Gained mutation: You cannot study or cast Earth magic. [Ru
                  | sacrifice]
   466 | D:2      | Gained mutation: You cannot study or cast Hexes magic. [Ru
                  | sacrifice]
   466 | D:2      | Gained mutation: You cannot study or cast Translocations
                  | magic. [Ru sacrifice]
   466 | D:2      | Reached * piety under Ru
   745 | D:2      | Reached skill level 4 in Short Blades
   772 | D:3      | Reached XP level 4. HP: 29/33 MP: 4/4
   840 | D:3      | Reached skill level 1 in Stealth
  1158 | D:3      | Found a runed translucent door.
  1159 | D:3      | Noticed Crazy Yiuf
  1167 | D:3      | Killed Crazy Yiuf
  1920 | D:4      | Reached skill level 1 in Armour
  1920 | D:4      | Reached XP level 5. HP: 38/39 MP: 5/5
  1940 | D:4      | Found a snail-covered altar of Cheibriados.
  1940 | D:4      | Found a stormy altar of Qazlal.
  1941 | D:4      | Found a bloodstained altar of Trog.
  1951 | D:4      | Fell from the grace of Ru
  1951 | D:4      | Became a worshipper of Qazlal Stormbringer
  2008 | D:4      | Found Qitapem's Food Shop.
  2060 | D:4      | Noticed Duvessa
  2068 | D:4      | Killed Duvessa
  2068 | D:4      | Reached skill level 5 in Short Blades
  2068 | D:4      | Reached XP level 6. HP: 39/46 MP: 6/6
  2073 | D:4      | Noticed Dowan
  2086 | D:4      | Noticed a hippogriff
  2087 | D:4      | Killed Dowan
  2108 | D:4      | Killed a hippogriff
  2108 | D:4      | Reached skill level 1 in Shields
  2108 | D:4      | Reached XP level 7. HP: 16/51 MP: 7/7
  2511 | D:4      | Found a burning altar of Makhleb.
  2721 | D:4      | Reached skill level 5 in Dodging
  3141 | D:5      | Entered Level 5 of the Dungeon
  3289 | D:5      | Reached skill level 6 in Short Blades
  3289 | D:5      | Reached XP level 8. HP: 58/58 MP: 8/8
  3367 | D:5      | Found an iron altar of Okawaru.
  3378 | D:5      | Found a staircase to the Ecumenical Temple.
  3709 | D:5      | Found an opulent altar of Gozag.
  3709 | D:5      | Found a sparkling altar of Nemelex Xobeh.
  4119 | D:6      | Reached * piety under Qazlal
  4159 | D:6      | Found Zonuppoy's Distillery.
  4191 | D:6      | Reached skill level 5 in Stealth
  4258 | D:6      | Found Jadu's Distillery.
  4331 | D:6      | Found a radiant altar of Vehumet.
  4398 | D:6      | Found Huwi's Gadget Shop.
  4903 | D:7      | Found a snail-covered altar of Cheibriados.
  5002 | D:7      | Reached ** piety under Qazlal
  5497 | D:7      | Mangled by a wyvern

Levels and vault maps discovered:
D:1:      psy_arrival_statuary, layout_loops_corners
D:2:      wander_river, layout_rooms, chequers_ecumenical_altar_grove,
          serial_bayou_pond_d
D:3:      layout_loops_ring, serial_forest, infiniplex_forest_lined_1,
          minmay_cut_off, uniq_crazy_yiuf_cottage
D:4:      layout_loops_corners, gammafunk_temple_overflow_claw, kennysheep_mini,
          serial_shops, nicolae_shop_trees, uniq_duvessa
D:5:      layout_loops_ring, grunt_temple_overflow_opulence,
          minmay_temple_entry_glass, basic_altar, first_ration,
          minmay_stone_trees_small
D:6:      layout_rooms, kennysheep_little_box, serial_shops, shop, shop, shop,
          serial_park_tiny_1
D:7:      kennysheep_kobold_camp, layout_basic, cheibriados_altar_1
D:8:      layout_basic, elyvilon_altar_1, lemuel_round_altar, serial_shops,
          shop, hangedman_little_slice_of_home, kennysheep_boxes

Skill      XL: |  1  2  3  4  5  6  7  8 |
---------------+-------------------------+-----
Dodging        | 4 5 |  5.4
Fighting       | 2 3 |  3.2
Short Blades   | 4 5 6 |  6.4
Stealth        | 1 2 4 5 |  5.5
Armour         | 1 2 3 |  3.3
Throwing       | 2 3 4 |  4.6
Shields        | 1 |  1.7
Axes           | |  0.3

Action                   |  1- 3 |  4- 6 |  7- 9 || total
-------------------------+-------+-------+-------++-------
Melee: Dagger            |    83 |    88 |   122 ||   293
       Rapier            |     2 |       |       ||     2
       Bite              |     8 |     9 |    19 ||    36
       Hand axe          |       |       |    72 ||    72
Throw: Dart              |       |    17 |    31 ||    48
Invok: Sacrifice Arcana  |     1 |       |       ||     1
  Use: Scroll            |     4 |     3 |     8 ||    15
 Stab: Sleeping          |     1 |       |     5 ||     6
       Distracted        |       |     1 |       ||     1
Armor: Leather armour    |    13 |    21 |    28 ||    62
Dodge: Dodged            |    47 |    38 |   116 ||   201
Block: Buckler           |     3 |    11 |    54 ||    68
